 Dungeon Crawl Stone Soup version 0.28-a0-119-ga52ba8600a (webtiles) character file.

Game seed: 105956580128904276

2211 Ezendos the Fighter (level 9, -3/66 HPs)
             Began as an Octopode Fighter on Aug 13, 2021.
             Was a Follower of Okawaru.
             Slain by a manticore (4 damage)
             ... on level 6 of the Dungeon.
             The game lasted 00:19:11 (11417 turns).

Ezendos the Fighter (Octopode Fighter)             Turns: 11417, Time: 00:19:12

Health: -3/66      AC:  1    Str: 15    XL:     9   Next: 35%
Magic:  11/11      EV: 13    Int: 14    God:    Okawaru [*.....]
Gold:   311        SH: 11    Dex: 11    Spells: 6/8 levels left

rFire   . . .      SeeInvis .   x - +1 dagger (venom)
rCold   + . .      Faith    .   b - +2 kite shield
rNeg    . . .      Spirit   .   (helmet restricted)
rPois   +          Reflect  .   (no amulet)
rElec   .          Harm     .   s - ring of flight
rCorr   .          Rampage  .   o - ring of poison resistance
Will    .....                   l - ring of protection from cold
Stlth   +++.......              (no ring)
HPRegen 0.21/turn               (no ring)
MPRegen 0.12/turn               (no ring)
                                (no ring)
                                (no ring)

@: mighty, flying
A: almost no armour, amphibious, 8 rings, camouflage 1, gelatinous body 1,
(nimble swimmer 1), tentacles
a: Renounce Religion, Heroism


You were on level 6 of the Dungeon.
You worshipped Okawaru.
Okawaru was aware of your devotion.
You visited 2 branches of the dungeon, and saw 7 of its levels.
You also visited: Ossuary.

You collected 311 gold pieces.

Inventory:

Hand Weapons
 a - a +0 long sword
 g - a +0 dagger of speed
 j - a +2 vorpal mace
 x - a +1 dagger of venom (weapon)
Missiles
 e - 147 stones
 r - 10 boomerangs
 v - 16 poisoned darts (quivered)
 E - a curare-tipped dart
Armour
 b - a +2 kite shield (worn)
Jewellery
 l - a ring of protection from cold (on tentacle)
 o - a ring of poison resistance (right tentacle)
 s - a ring of flight (left tentacle)
Wands
 d - a wand of charming (8)
Scrolls
 i - a scroll of fear {unknown}
 q - a scroll of noise {unknown}
 t - 2 scrolls of identify
 y - 2 scrolls of teleportation
 B - a scroll of fog {unknown}
 C - a scroll of immolation {unknown}
Potions
 c - 3 potions of might
 f - a potion of brilliance {unknown}
 h - 3 potions of haste
 k - 3 potions of degeneration {unknown}
 m - a potion of resistance
 n - a potion of lignification
 p - a potion of berserk rage {unknown}
 u - a potion of attraction {unknown}
 w - 4 potions of flight {unknown}
 z - a potion of mutation {unknown}
 A - a potion of curing
 D - a potion of heal wounds {unknown}


   Skills:
 - Level 8.0 Fighting
 * Level 5.0 Long Blades
 - Level 6.0 Dodging
 - Level 3.0 Stealth
 * Level 6.2 Shields
 - Level 3.0 Invocations


You had 6 spell levels left.
You knew the following spells:

 Your Spells              Type           Power      Damage    Failure   Level
a - Passwall              Tmut/Erth      0%         N/A       80%         2

Your spell library contained the following spells:

 Spells                   Type           Power      Damage    Failure   Level
 Pain                     Necr           0%         1d4       65%         1
 Sandblast                Erth           0%         2d4       65%         1
 Dazzling Flash           Conj/Hex       0%         N/A       95%         3
 Swiftness                Air            0%         N/A       95%         3
 Iskenderun's Mystic Bla  Conj/Tloc      0%         2d3       100%        4
 Agony                    Necr           0%         N/A       100%        5
 Excruciating Wounds      Necr           0%         N/A       100%        5
 Lee's Rapid Deconstruct  Erth           0%         3d5*      100%        5
 Invisibility             Hex            0%         N/A       100%        6
 Starburst                Conj/Fire      0%         8x6d3     100%        6


Dungeon Overview and Level Annotations

Branches:
Dungeon (6/15)             Temple (1/1) D:6         Ossuary (visited)

Altars:
Ashenzari
Cheibriados
Dithmenos
Elyvilon
Fedhas
Gozag
Hepliaklqana
Kikubaaqudgha
Makhleb
Nemelex Xobeh
Okawaru
Qazlal
Ru
Sif Muna
Trog
Uskayaw
Vehumet
Wu Jian
Xom
Yredelemnul
Zin
The Shining One

Annotations:
D:4 Grinder


Innate Abilities, Weirdness & Mutations

You cannot wear most types of armour.
You are amphibious.
You can wear up to eight rings at the same time.
Your skin changes colour to match your surroundings (Stealth+).
Your rubbery body absorbs attacks. (AC +1, EV +1)
((You are camouflaged near water. (Stealth+)))
You have tentacles for arms and can constrict up to eight enemies at once.


Message History

Throw: 18 darts (poison)
Press: ? - help, Q - select action, (/) - cycle Shift-Dir - straight line, f/p - manticore
Aim: a manticore (lightly wounded, very poisoned, 71% to hit)
You throw a poisoned dart. The poisoned dart hits the manticore.
The manticore looks even sicker.
The manticore is lightly wounded.
Throw: 17 darts (poison)
Press: ? - help, Q - select action, (/) - cycle Shift-Dir - straight line, f/p - manticore
Aim: a manticore (lightly wounded, very poisoned, 71% to hit)
You throw a poisoned dart. The poisoned dart hits the manticore.
The manticore looks as sick as possible!
The manticore is lightly wounded.
You hit the manticore but do no damage.
The manticore looks as sick as possible!
The manticore is lightly wounded.
The manticore bites you! The manticore claws you!
You block the manticore's attack.
You hit the manticore but do no damage.
The manticore is lightly wounded.
The manticore barely misses you. The manticore claws you!
You block the manticore's attack.
You feel very mighty all of a sudden. You block the manticore's attack.
The manticore claws you! You block the manticore's attack.
You hit the manticore.
The manticore looks as sick as possible!
You squeeze the manticore!
The manticore is heavily wounded.
The manticore closely misses you. You block the manticore's attack.
The manticore closely misses you.
You hit the manticore.
The manticore looks as sick as possible!
The manticore is severely wounded.
You block the manticore's attack. The manticore claws you!
* * * LOW HITPOINT WARNING * * *
The manticore claws you!
* * * LOW HITPOINT WARNING * * *
The manticore misses you. You block the manticore's attack.
The manticore claws you.
You die...

..... .....
######...(.
#......(..#
#.....(...#
#....(....#
########...H.!...#
#.........@......#
#................#
#................#
#
#.......####.....#
# #.......# .....#
## #.......#
.....+ .#
#.......##
....##... ## .#
###+#.....#
###..H..# #. .#
#.).'.....#
#.....# #.


You could see a manticore (extremely poisoned).

Vanquished Creatures
  Edmund (D:4)
  A water moccasin (D:6)
  2 ice beasts (D:6)
  A necrophage (D:6)
  3 ogres
  A phantom (D:5)
  An elf zombie (Ossuary)
  A kobold brigand (D:6)
  A bullfrog (D:6)
  2 scorpions (D:4)
  A wyvern skeleton (D:5)
  A vampire bat (D:3)
  A bullfrog zombie (D:5)
  2 centaur zombies (Ossuary)
  A jelly (D:6)
  2 orc priests
  A gnoll shaman (D:5)
  A human zombie (Ossuary)
  A centaur skeleton (D:5)
  An iguana (D:4)
  Natasha (thrice) (D:3)
  3 orc wizards
  A killer bee zombie (D:6)
  2 mummies (Ossuary)
  A hound skeleton (D:5)
  A howler monkey zombie (D:5)
  Robin (D:4)
  11 gnolls
  A howler monkey skeleton (D:5)
  10 adders
  2 adder zombies (Ossuary)
  3 worms (D:3)
  5 dart slugs
  3 fire bats (D:3)
  14 orcs
  2 spectral bats (D:3)
  3 bat skeletons (D:3)
  A bat zombie (D:3)
  6 endoplasms
  3 giant cockroaches
  21 goblins
  8 hobgoblins
  A quokka (D:3)
  10 ball pythons
  17 bats
  A bat simulacrum (D:3)
  4 frilled lizards
  2 goblin zombies (Ossuary)
  9 hobgoblin zombies (Ossuary)
  18 kobolds
  8 kobold zombies (Ossuary)
  10 orc zombies (Ossuary)
  5 rats
  3 rat zombies
219 creatures vanquished.

Notes
Turn   | Place    | Note
-------+----------+-------------------------------------------
     0 | D:1      | Ezendos the Octopode Fighter began the quest for the Orb.
     0 | D:1      | Reached XP level 1. HP: 16/16 MP: 1/1
   131 | D:1      | Reached skill level 1 in Stealth
   243 | D:1      | Reached XP level 2. HP: 14/21 MP: 2/2
   575 | D:1      | Reached XP level 3. HP: 26/26 MP: 3/3
  1413 | D:2      | Reached skill level 4 in Fighting
  1439 | D:2      | Found a faded altar of an unknown god.
  1453 | D:2      | Reached XP level 4. HP: 33/33 MP: 4/4
  2351 | D:3      | Reached XP level 5. HP: 27/38 MP: 5/5
  3245 | D:3      | Reached skill level 5 in Fighting
  3268 | D:3      | Reached XP level 6. HP: 28/45 MP: 6/6
  4209 | D:4      | Noticed Natasha
  4300 | D:3      | Killed Natasha
  5135 | D:4      | Noticed Grinder
  5260 | D:5      | Entered Level 5 of the Dungeon
  5292 | D:5      | Reached XP level 7. HP: 46/51 MP: 7/7
  5298 | D:5      | Reached skill level 6 in Fighting
  5470 | D:5      | Found a sand-covered staircase.
  5477 | Ossuary  | Entered an ossuary
  6555 | D:4      | Noticed Robin
  6652 | D:4      | Noticed Edmund
  6665 | D:4      | Killed Edmund
  6983 | D:4      | Reached XP level 8. HP: 44/58 MP: 8/8
  7277 | D:4      | Killed Robin
  7294 | D:4      | Reached skill level 7 in Fighting
  7294 | D:4      | Reached skill level 5 in Dodging
  7670 | D:5      | Reached skill level 5 in Shields
  8538 | D:3      | Noticed Natasha
  8672 | D:3      | Killed Natasha
  8794 | D:3      | Noticed Natasha
  8801 | D:3      | Killed Natasha
  9568 | D:5      | Noticed a torpor snail
  9570 | D:5      | Noticed a torpor snail
  9571 | D:5      | Found a snail-covered altar of Cheibriados.
  9571 | D:5      | Noticed a torpor snail
  9707 | D:6      | Found a staircase to the Ecumenical Temple.
  9714 | Temple   | Entered the Ecumenical Temple
  9827 | Temple   | Became a worshipper of Warmaster Okawaru
 10074 | D:6      | Noticed a manticore
 10228 | D:4      | Reached skill level 1 in Invocations
 10343 | D:4      | Reached skill level 8 in Fighting
 10343 | D:4      | Reached XP level 9. HP: 41/66 MP: 8/10
 10535 | D:4      | Learned a level 2 spell: Passwall
 11227 | D:6      | Reached * piety under Okawaru
 11306 | D:6      | Reached skill level 5 in Long Blades
 11417 | D:6      | HP: 1/66 [manticore (13)]
 11417 | D:6      | Slain by a manticore

Illustrated notes

Levels and vault maps discovered:
D:1:      lemuel_arrival_river_bridge, layout_rooms, serial_corexii_hall,
          corexii_hall_statues_s, corexii_hall_statues_t,
          corexii_hall_statues_x, chequers_serial_rivers_micro_e,
          hangedman_feature_mirror, minmay_ruptured
D:2:      layout_loops_ring, dreamdust_ecumenical_altar_angels_and_demons,
          st_stairs_13
D:3:      layout_loops_ring, goddamned_bats
D:4:      layout_loops_corners, kennysheep_generic_room_6, uniq_robin,
          uniq_grinder, uniq_natasha, uniq_edmund
D:5:      layout_basic, cheibriados_altar_2, enter_ossuary_4,
          hangedman_decor_riveting
D:6:      layout_gridville, minmay_temple_entry_junction
Temple:   kilobyte_greek_temple

Skill      XL: |  1  2  3  4  5  6  7  8  9 |
---------------+----------------------------+-----
Stealth        | 2 3 |  3.0
Fighting       | 4 5 6 8 |  8.0
Dodging        | 4 5 6 |  6.0
Shields        | 4 5 6 |  6.2
Long Blades    | 4 5 |  5.0
Invocations    | 1 3 |  3.0

Action                   |  1- 3 |  4- 6 |  7- 9 || total
-------------------------+-------+-------+-------++-------
Melee: Dagger            |    72 |   215 |   326 ||   613
       Long sword        |     7 |       |    36 ||    43
       Constrict         |    22 |    62 |    92 ||   176
       Tentacles         |    15 |    42 |   102 ||   159
       Mace              |       |       |     2 ||     2
       Club              |       |       |    12 ||    12
Throw: Stone             |       |     2 |     2 ||     4
       Dart              |       |       |     9 ||     9
Evoke: Wand              |       |       |     1 ||     1
  Use: Potion            |       |     4 |     2 ||     6
       Scroll            |       |     1 |    10 ||    11
 Stab: Sleeping          |    11 |    14 |     8 ||    33
       Distracted        |       |       |     1 ||     1
Armor: Skin              |     8 |    31 |    20 ||    59
Dodge: Dodged            |    37 |    92 |   125 ||   254
Block: Kite shield       |    23 |    96 |   145 ||   264
       Rpst.: Long sword |       |       |     7 ||     7

Table legend: (Time is in decaauts)
 A = Elapsed time spent in this place.
 B = Non-inter-level travel time spent in this place.
 C = Inter-level travel time spent in this place.
 D = Time resting spent in this place.
 E = Time spent auto-exploring this place.
 F = Levels seen in this place.
 G = Mean time per level.
                   A        B        C        D        E       F      G
               +--------+--------+--------+--------+--------+-----+--------+
         Total |  11392 |  10871 |    521 |   2953 |   5355 |   8 | 1424.0 |
       Dungeon |  10383 |   9902 |    481 |   2518 |   5064 |   6 | 1730.5 |
        Temple |    153 |    113 |     40 |      0 |     99 |   1 |  153.0 |
       Ossuary |    854 |    854 |      0 |    435 |    192 |   1 |  854.0 |
               +--------+--------+--------+--------+--------+-----+--------+

Top non-repeatable levels by time:
     D:3: 2826 daAuts
     D:4: 2676 daAuts
     D:5: 1659 daAuts
     D:2: 1140 daAuts
     D:6: 1043 daAuts
     D:1: 1036 daAuts
 Ossuary: 854 daAuts
  Temple: 153 daAuts
